 Dungeon Crawl Stone Soup version 0.16.1-14-g82efdee (webtiles) character file.

17 hulla the Insei (level 2, 13/18 HPs)
             Began as an Octopode Transmuter on Apr 12, 2015.
             Quit the game on level 1 of the Dungeon.
             The game lasted 00:01:40 (467 turns).

hulla the Insei (Octopode Transmuter)                Turns: 467, Time: 00:01:41

Health: 13/18      AC:  1    Str:  9    XL:     2   Next: 62%
Magic:  4/4        EV: 12    Int: 15    God:
Gold:   74         SH:  0    Dex: 12    Spells: 1 memorised, 4 levels left

rFire  . . .     SeeInvis .       - Unarmed
rCold  . . .     Clarity  +     (no shield)
rNeg   . . .     SustAb   .     (helmet restricted)
rPois  .         Gourm    .     f - amulet of clarity
rElec  .         Spirit   .     (no ring)
rCorr  .         Warding  .     (no ring)
rMut   .         Stasis   .     (no ring)
MR     .....                    (no ring)
Stlth  +++.......               (no ring)
                                (no ring)
                                (no ring)
                                (no ring)

@: not resistant to hostile enchantments, fairly stealthy
A: almost no armour, amphibious, 8 rings, constrict 8, camouflage 1, gelatinous
body 1
a: no special abilities


You were on level 1 of the Dungeon.
You were not hungry.

You visited 1 branch of the dungeon, and saw 1 of its levels.

You collected 74 gold pieces.

Inventory:

Missiles
 b - 12 arrows
Jewellery
 f - an amulet of clarity (around mantle)
Scrolls
 c - a scroll of teleportation {unknown}
 i - a scroll of immolation {unknown}
Potions
 e - a potion of brilliance {unknown}
Books
 d - a book of Changes

   Spells                             Type                      Level
   a - Beastly Appendage              Transmutation                1
   b - Sticks to Snakes               Transmutation                2
   c - Spider Form                    Transmutation/Poison         3
   d - Ice Form                       Ice/Transmutation            4
   e - Blade Hands                    Transmutation                5
Comestibles
 a - a bread ration
 g - a meat ration
 h - a chunk of flesh


   Skills:
 - Level 1.0 Fighting
 - Level 2.0 Dodging
 + Level 1.7 Stealth
 - Level 3.0 Unarmed Combat
 - Level 2.0 Spellcasting
 + Level 2.8 Transmutations


You had 4 spell levels left.
You knew the following spells:

 Your Spells              Type           Power        Failure   Level  Hunger
a - Beastly Appendage     Trmt           #.....       10%         1    #......


Dungeon Overview and Level Annotations

Branches:
Dungeon (1/15)

Altars:


Innate Abilities, Weirdness & Mutations

You cannot wear most types of armour.
You are amphibious.
You can wear up to eight rings at the same time.
You can use your tentacles to constrict many enemies at once.
Your skin changes colour to match your surroundings (Stealth).
Your rubbery body absorbs attacks (AC +1).


Message History

A jackal comes into view.
You see here a scroll labeled IZYFFI FIHATUN.
A rat and a jackal come into view.
You see here a scroll labeled IZYFFI FIHATUN.
i - a scroll labeled IZYFFI FIHATUN
Casting: Beastly Appendage
Confirm with . or Enter, or press ? or * to list all spells.
You don't know that spell.
The jackal barks!
Casting: Beastly Appendage
Confirm with . or Enter, or press ? or * to list all spells.
You don't know that spell.
Unknown command.
A jackal comes into view.
Casting: Beastly Appendage
Confirm with . or Enter, or press ? or * to list all spells.
You don't know that spell.
Quiver which item? (- for none, * to show all) (? for menu, Esc to quit)
Okay, then.
Are you sure you want to abandon this character and quit the game? (Confirm with "yes".)

.#..# .......... ......#
...# #...... ..... ....#
#...... ......
#..###...... #h.....
#..#........ #......
###........## #...h..
##..........#
#r....####...........##
#..h.@................
#........#.......).....#)
........#.##............
..##.####.##............
. ... ..##..........##
.## ######.##.......#
#.##.......# ..##.......#
#####.......#


You could see 3 jackals and a rat (wandering).

Vanquished Creatures
  An ooze (D:1)
  A ball python (D:1)
  A goblin (D:1)
  3 hobgoblins (D:1)
  2 kobolds (D:1)
  4 giant cockroaches (D:1)
  2 rats (D:1)
14 creatures vanquished.

Notes
Turn   | Place    | Note
--------------------------------------------------------------
     0 | D:1      | hulla, the Octopode Transmuter, began the quest for the Orb.
     0 | D:1      | Reached XP level 1. HP: 13/13 MP: 3/3
   156 | D:1      | Reached skill level 1 in Stealth
   174 | D:1      | Reached XP level 2. HP: 12/18 MP: 4/4
   467 | D:1      | Quit the game

Action                   || total
-------------------------++-------
Melee: Unarmed           ||    33
 Cast: Beastly Appendage ||     4
 Stab: Sleeping          ||     3
